Cogmind - Beta 15 @@@ ROGUE MODE // 2025.09.30 @ 12:34:17 Player: cingulata Result: Self-destructed Performance ------------- Evolutions (8) 4000 Regions Visited (20) 4000 Robots Destroyed (312) 1560 Value Destroyed (15516) 15516 Prototype IDs (48) 960 Alien Tech Used (0) 0 Bonus (8979) 8979 TOTAL SCORE: 35015 Bonus ------- Triggered High Security 500 High Alert Combat Kills 4679 Follower Combat Kills 1867 Entered Garrisons 800 Used RIF Installer 2000 Aligned with FarCom 300 Friendly Fire -1167 Cogmind --------- Core Integrity 289/1450 Matter 300/300 Energy 41/100 System Corruption 23% Temperature Cool (0) Movement Core (1350) Ox26 Location -2/Research Parts ------- > --- POWER (3) -------- (None) > --- PROPULSION (6) --- (None) > --- UTILITY (11) ----- Huge Storage Unit Improved Targeting Computer Core Analyzer Core Analyzer > --- WEAPON (3) ------- (None) > --- INVENTORY (25) --- Compact Wheel Advanced Heat Sink Advanced Coolant Injector Energy Well (18) Experimental Terrain Scanner Advanced Target Analyzer Hardened Medium Armor Plating Graphene Brace Improved Force Field Improved System Shield High-powered Tractor Beam Peak State ------------ > --- POWER ------------ Quantum Reactor Quantum Reactor Improved Quantum Reactor > --- PROPULSION ------- Improved Heavy Treads Biometal Heavy Treads Biometal Heavy Treads > --- UTILITY ---------- Advanced Heat Sink Advanced Coolant Injector Huge Storage Unit Improved Targeting Computer Core Analyzer Core Analyzer Hardened Medium Armor Plating Hardened Medium Armor Plating Centrium Light Armor Plating Advanced Force Field Advanced Force Field > --- WEAPON ----------- Enhanced Hardcell Cannon Enhanced Hardcell Cannon Enhanced Hardcell Cannon > --- INVENTORY -------- Quantum Reactor Quantum Reactor Biometal Medium Treads Compact Wheel Compact Wheel Compact Wheel Advanced Heat Sink Advanced Coolant Injector Energy Well High-capacity Matter Pod Experimental Terrain Scanner Advanced Target Analyzer Hardened Medium Armor Plating Graphene Brace Improved Force Field Improved System Shield High-powered Tractor Beam Compact HERF Cannon Compact HERF Cannon Nova Cannon Enhanced Nova Cannon Gamma Bomb Array Missile Launcher [Rating: 172] Favorites ----------- Power Light Angular Momentum Engine Engine Light Angular Momentum Engine Power Core Light Nuclear Core Reactor Quantum Reactor Propulsion Improved Heavy Treads Treads Improved Heavy Treads Leg Aluminum Leg Wheel Compact Wheel Flight Unit Surge Thruster Utility Huge Storage Unit Device Transmission Jammer Storage Huge Storage Unit Processor Core Analyzer Hackware Relay Coupler [NC] Protection Hardened Medium Armor Plating Weapon Minigun Energy Gun Small Laser Energy Cannon HERF Cannon Ballistic Gun Minigun Ballistic Cannon Enhanced Hardcell Cannon Launcher Advanced EMP Blaster Special Weapon Advanced Remote Datajack Impact Weapon Hammer Slashing Weapon Longsword +1 Build | -11 -10 -10 -10 -9 -8 -8 -8 -8 -6 -6 -6 -6 -5 -5 -4 -4 -4 -4 -3 -2 ------- Run | Yrd Mat Min Exi Min Mat Sto Rec Scr Fac Gar Fac Gar Fac Gar Fac Was Fac Gar Res Res Slots Evolved 16 | . . . . . 4 . . . 4 . . . 2 . 2 . . . 2 2 Power 2 | . . . . . . . . . . . . . 1 . . . . . 1 . Propulsion 4 | . . . . . 2 . . . 2 . . . . . . . . . . . Utility 9 | . . . . . 1 . . . 2 . . . 1 . 2 . . . 1 2 Weapon 1 | . . . . . 1 . . . . . . . . . . . . . . . Parts Attached 205 | 2 10 5 4 4 23 31 . 2 5 11 . 11 6 10 3 9 4 16 10 39 Power 28 | . 1 2 . . 1 3 . 1 . 1 . 2 1 1 1 3 1 2 1 7 Engine 10 | . 1 . . . . 3 . 1 . 1 . 2 1 1 . . . . . . Core 3 | . . 2 . . 1 . . . . . . . . . . . . . . . Reactor 15 | . . . . . . . . . . . . . . . 1 3 1 2 1 7 Propulsion 49 | . 3 1 . 2 6 15 . . 3 4 . 2 . . . 2 . 4 . 7 Treads 32 | . . . . . 3 9 . . 3 4 . 2 . . . 2 . 4 . 5 Leg 7 | . 3 1 . 1 2 . . . . . . . . . . . . . . . Wheel 9 | . . . . 1 1 5 . . . . . . . . . . . . . 2 Hover . | . . . . . . . . . . . . . . . . . . . . . Flight 1 | . . . . . . 1 . . . . . . . . . . . . . . Utility 74 | 1 2 1 4 . 6 3 . . 2 5 . 5 3 5 1 3 2 5 7 19 Device 27 | 1 . 1 3 . 2 . . . 1 3 . 2 . . . 1 1 3 3 6 Storage 5 | . 1 . 1 . 1 . . . . . . . . . . . . . . 2 Processor 10 | . 1 . . . 1 . . . . 2 . 2 1 . . . 1 . . 2 Hackware 14 | . . . . . . 1 . . . . . . 1 3 1 1 . . 3 4 Protection 18 | . . . . . 2 2 . . 1 . . 1 1 2 . 1 . 2 1 5 Artifact . | . . . . . . . . . . . . . . . . . . . . . Weapon 54 | 1 4 1 . 2 10 10 . 1 . 1 . 2 2 4 1 1 1 5 2 6 Energy Gun 10 | . 1 1 . . 3 4 . . . . . 1 . . . . . . . . Energy Cannon 9 | . . . . . . . . 1 . . . . 1 2 . . . 1 . 4 Ballistic Gun 13 | 1 . . . 2 3 4 . . . 1 . 1 . . 1 . . . . . Ballistic Cannon 12 | . 1 . . . 2 . . . . . . . . 2 . 1 1 2 2 1 Launcher 5 | . . . . . 1 2 . . . . . . . . . . . 1 . 1 Special Weapon 3 | . 1 . . . . . . . . . . . 1 . . . . 1 . . Impact Weapon 1 | . 1 . . . . . . . . . . . . . . . . . . . Slashing Weapon 1 | . . . . . 1 . . . . . . . . . . . . . . . Piercing Weapon . | . . . . . . . . . . . . . . . . . . . . . Special Melee Weapon . | . . . . . . . . . . . . . . . . . . . . . Unidentified Prototypes 17 | . . . 1 . 4 5 . . . . . . 1 . . . . 2 . 4 Parts Lost 66 | . 1 4 . 1 2 . . . . 10 . 7 . 3 . . . . 2 36 Power 10 | . . 2 . . 1 . . . . . . 2 . . . . . . . 5 Propulsion 16 | . 1 . . 1 . . . . . 4 . 1 . 1 . . . . . 8 Utility 23 | . . . . . . . . . . 5 . 1 . 2 . . . . 2 13 Weapon 17 | . . 2 . . 1 . . . . 1 . 3 . . . . . . . 10 Highest Loss Streak 30 | . 1 2 . 1 1 . . . . 2 . 2 . 1 . . . . 1 30 To Critical Strikes . | . . . . . . . . . . . . . . . . . . . . . Average Backups 21 | 6 8 8 9 13 23 24 25 24 24 22 23 24 24 24 24 24 23 21 21 22 Power 1 | 1 1 . . . 1 1 1 1 1 1 3 2 1 1 1 1 2 1 1 1 Propulsion 3 | 4 3 4 4 4 5 6 7 7 5 2 . 2 2 1 1 1 1 1 2 3 Utility 8 | . 2 3 4 7 10 7 7 7 7 7 9 8 10 11 11 10 12 10 10 10 Weapon 7 | 1 1 1 1 2 5 9 10 9 10 10 10 9 9 9 10 9 7 6 7 6 Tool/Special . | . . . . . . . . . . . . . . . . . . . . . Unused Backups 75 | 2 10 1 . 4 13 10 . . 3 1 . 4 3 . 3 2 2 6 1 10 Power 8 | . 1 1 . . 1 1 . . 1 . . . 1 . 1 . . . . 1 Propulsion 19 | . 4 . . 1 2 5 . . 1 . . 1 1 . . 1 . 1 . 2 Utility 34 | . 3 . . 3 8 2 . . 1 1 . 2 . . 1 1 2 3 1 6 Weapon 12 | 2 2 . . . 2 1 . . . . . 1 1 . 1 . . 2 . . Tool/Special 2 | . . . . . . 1 . . . . . . . . . . . . . 1 Average Slot Usage (%) 93 | . 99 99 100 100 99 99 100 100 99 98 97 88 87 87 88 85 83 83 84 86 Engine 4 | . 14 1 . . . 8 9 9 6 6 6 5 11 11 8 1 . . . . Core 2 | . . 12 14 14 8 . . . . . . . . . . . . . . . Reactor 3 | . . . . . . . . . . . . . . . 1 8 10 10 14 12 Treads 16 | . . . . . 8 18 18 18 39 39 40 29 23 22 21 16 15 14 14 13 Leg 4 | . 27 28 28 17 9 . . . . . . . . . . . . . . . Wheel 5 | . . . . 10 18 17 18 18 . . . . . . . . . . . . Device 10 | . 5 14 14 14 8 5 9 9 6 8 13 6 5 . 9 10 10 16 13 20 Storage 7 | . 14 14 14 14 9 9 9 9 6 6 6 6 5 5 5 5 5 5 4 4 Processor 7 | . 8 . . . . . . . . 9 13 15 17 17 15 15 14 12 9 13 Hackware 1 | . . . . . . . . . . . . . 1 6 8 8 5 . 4 . Protection 6 | . . . . . 9 12 9 9 19 7 . 2 3 3 1 1 5 6 8 7 Energy Gun 2 | . 13 5 14 10 9 . . . . . . 1 . . . . . . . . Ballistic Gun 12 | . 7 14 14 17 13 24 27 26 20 18 17 13 11 8 11 8 5 . . . Ballistic Cannon 3 | . 3 8 . . 1 . . . . . . . . . . 1 5 7 7 10 Slashing Weapon 1 | . . . . . 2 1 . . . . . 1 3 1 3 4 5 2 . . Peak Build Rating 172 | 7 9 11 17 18 39 41 36 41 55 61 56 85 94 96 105 114 114 138 148 172 Average Rating 73 | 6 8 9 11 14 33 32 36 36 53 55 55 73 92 92 101 108 111 125 141 157 On Entrance 59 | 6 7 9 10 13 18 38 36 36 37 55 54 56 85 94 93 105 113 111 130 146 Naked Turns . | . . . . . . . . . . . . . . . . . . . . . Heaviest Build 221 | 13 22 21 29 33 102 104 100 106 106 110 100 106 112 123 117 142 146 167 194 221 Greatest Support 225 | 20 20 20 20 20 26 40 32 32 126 130 130 185 185 185 185 215 215 225 225 225 Greatest Overweight (x) 10 | . 1 1 1 2 3 10 3 3 . . . . . . . . . . . 6 Average Overweight (x) 1 | . . . . 1 2 3 3 3 . . . . . . . . . . . . Largest Inventory Capacity 25 | 8 10 10 15 15 25 25 25 25 25 25 25 25 25 25 25 25 25 25 25 25 Average Capacity 22 | 8 9 10 12 15 24 25 25 25 25 25 25 25 25 25 25 25 25 25 25 25 Most Carried 25 | 8 10 10 10 15 25 25 25 25 25 25 24 25 25 25 25 25 25 25 25 25 Average Carried 22 | 6 8 8 9 13 24 24 25 24 24 22 23 24 24 24 24 24 24 24 23 24 Final Capacity 25 | 8 10 10 15 15 25 25 25 25 25 25 25 25 25 25 25 25 25 25 25 25 Final Carried 25 | 8 9 9 10 15 25 25 25 25 25 24 23 25 25 25 25 25 25 25 25 11 Class Distribution -------------------- 19% | Scavenger-Mutant 17% | Scavenger-Tank 8% | Commander-Tank 8% | Commander-Skirmisher 7% | Tank 7% | Scavenger-Skirmisher 6% | Mutant 6% | Bothacker-Mutant 6% | Bothacker-Gunner 4% | Skirmisher 4% | Gunner Dominant Class ---------------- Mutant | -10/Materials Scavenger-Mutant | -10/Mines Scavenger-Mutant | -10/Exiles Scavenger-Mutant | -9/Mines Scavenger-Skirmisher | -8/Materials Scavenger-Skirmisher | -8/Storage Commander-Skirmisher | -8/Recycling Commander-Tank | -8/Scraptown Commander-Tank | -6/Factory Tank | -6/Garrison Gunner | -6/Factory Scavenger-Gunner | -6/Garrison Bothacker-Mutant | -5/Factory Bothacker-Gunner | -5/Garrison Bothacker-Mutant | -4/Factory Bothacker-Mutant | -4/Waste Scavenger-Mutant | -4/Factory Scavenger-Tank | -4/Garrison Scavenger-Tank | -3/Research Scavenger-Tank | -2/Research Resources | -11 -10 -10 -10 -9 -8 -8 -8 -8 -6 -6 -6 -6 -5 -5 -4 -4 -4 -4 -3 -2 ----------- Run | Yrd Mat Min Exi Min Mat Sto Rec Scr Fac Gar Fac Gar Fac Gar Fac Was Fac Gar Res Res Matter Collected 12597 | 241 435 178 . 140 566 1700 140 . 288 1038 . 1015 253 388 132 170 115 1110 642 4046 Remotely 3343 | . . . . . . . . . . . . . . . . . . 92 207 3044 Salvage Created 16188 | 120 561 249 . 54 566 2091 236 . 107 1272 . 1011 258 347 205 888 31 1703 963 5526 Parts 706 | 11 35 12 . 6 44 105 13 . 6 59 . 44 8 17 4 19 4 56 36 227 Haulers Intercepted 12 | . 2 . . . 2 5 . . . . . . . . 2 . . . 1 . Recyclers Shooed 7 | 1 . 2 . . . 2 . . . . . . . . . . . . . 2 Parts Field Recycled . | . . . . . . . . . . . . . . . . . . . . . Retrieved Matter . | . . . . . . . . . . . . . . . . . . . . . Parts Self-Destructed . | . . . . . . . . . . . . . . . . . . . . . Prevented . | . . . . . . . . . . . . . . . . . . . . . Kills | -11 -10 -10 -10 -9 -8 -8 -8 -8 -6 -6 -6 -6 -5 -5 -4 -4 -4 -4 -3 -2 ------- Run | Yrd Mat Min Exi Min Mat Sto Rec Scr Fac Gar Fac Gar Fac Gar Fac Was Fac Gar Res Res Combat Hostiles Destroyed 227 | . 15 6 . 1 10 23 3 . 3 29 . 23 . 11 . 3 . 19 8 73 Melee 6 | . . 1 . . . . . . . . . . . 2 . 3 . . . . Guns 60 | . 5 2 . 1 7 13 3 . 2 12 . 15 . . . . . . . . Cannons 80 | . 10 2 . . 3 . . . . . . . . 1 . . . 12 7 45 AOE 56 | . . . . . . 9 . . 1 15 . 8 . 7 . . . 5 . 11 Classes Destroyed 20 | 2 4 . . . 3 3 1 . . 1 . . . . . 2 . 3 . 1 Worker 18 | . . . . . 1 6 . . . . . . . . . . . . . 11 Builder 11 | . . . . . . 4 . . . . . . . . . . . . 1 6 Tunneler 6 | 2 . 1 . 1 1 . . . . . . . . . . . . . . 1 Hauler 12 | . 2 . . . 2 5 . . . . . . . . 2 . . . 1 . Recycler 15 | 1 1 1 . . . 4 1 . . . . . 2 . . . . . 3 2 Mechanic 3 | . . . . . . 2 . . . . . . . . . . . . . 1 Operator 6 | . . . . . 4 1 . . . . . . . . . . . . 1 . Watcher 11 | . 2 . . . 1 2 . . . . . . . . . . 1 . . 5 Swarmer 45 | . 6 2 . . 4 2 . . 2 9 . 6 . 7 . . . 3 . 4 Saboteur 3 | . . . . . . . . . . . . . . . . . . 2 . 1 Grunt 96 | . 9 4 . 1 3 14 . . . 16 . 12 . 3 . . . 6 . 28 Brawler 3 | . . . . . . 1 . . . . . . . . . . . . . 2 Duelist 2 | . . . . . . . . . . . . . . . . . . . . 2 Sentry 28 | . . . . . 3 6 2 . 1 1 . 2 . . . . . 4 3 6 Hunter 13 | . . . . . . . 1 . . . . . . 1 . . . 1 2 8 Programmer 29 | . . . . . . . . . . 3 . 3 . . . . . . 3 20 Behemoth 3 | . . . . . . . . . . . . . . . . . . 1 . 2 Compactor 3 | . . . . . . . . . . . . . . . . 3 . . . . Striker 2 | . . . . . . . . . . . . . . . . . . 2 . . Thug 1 | . . . . . . . . . . . . . . . . . . 1 . . Martyr 2 | . . . . . . . . . . . . . . . . 2 . . . . Best Kill Streak 13 | 2 8 3 . 1 5 9 1 . 2 6 . 7 2 4 1 1 1 2 3 13 Combat Bots Only 9 | . 8 2 . 1 3 7 1 . 2 6 . 7 . 4 . 1 . 2 2 9 Max Kills in Single Turn 5 | 1 1 1 . 1 1 4 1 . 1 3 . 2 1 4 1 1 1 2 2 5 Gunslinging . | . . . . . . . . . . . . . . . . . . . . . Exploded 4 | . . . . . . 3 . . 1 3 . 2 . 4 . . . 2 . 2 Melee 1 | . . 1 . . . . . . . . . . . 1 . 1 . . . . Uniques/NPCs Destroyed . | . . . . . . . . . . . . . . . . . . . . . Combat | -11 -10 -10 -10 -9 -8 -8 -8 -8 -6 -6 -6 -6 -5 -5 -4 -4 -4 -4 -3 -2 -------- Run | Yrd Mat Min Exi Min Mat Sto Rec Scr Fac Gar Fac Gar Fac Gar Fac Was Fac Gar Res Res Hostile Shots Fired 1449 | . 62 53 . 9 30 57 2 . 18 196 9 168 2 51 . . . 24 42 726 Missed 393 | . 16 11 . 1 8 22 1 . 7 60 8 45 . 17 . . . 6 11 180 Hits 1056 | . 46 42 . 8 22 35 1 . 11 136 1 123 2 34 . . . 18 31 546 Melee 7 | . . . . . . . . . . . . . . . . . . . . 7 Projectile 1049 | . 46 42 . 8 22 35 1 . 11 136 1 123 2 34 . . . 18 31 539 Critical Strikes 50 | . 1 2 . 1 3 . . . . 7 . 4 1 1 . . . 2 2 26 Actively Blocked 3 | . . . . . . . . . . . . . 1 . . . . 2 . . Part Disruptions 6 | . . . . . . . . . . . . 1 . . . . . . . 5 Damage Taken 17724 | . 456 481 . 118 331 559 20 . 166 2518 5 2001 50 622 . 40 . 326 421 9610 Core 1742 | . 36 71 . 27 37 60 . . 18 100 . 96 . 37 . 23 . 42 34 1161 Absorbed by Shields 4119 | . . . . . . . . . 15 199 . . . . . . . 325 267 3313 Reduced by Siege Mode 645 | . . . . . . . . . . . . 55 . . . . . 7 3 580 Redirected to Shielding 577 | . . . . . 28 131 . . . 216 . . 32 170 . . . . . . Regen/Repaired (Parts) 340 | . . . . . . 64 . 256 . . . . . . . 13 7 . . . Core Remaining (%) 84 | 100 . . . 46 . . . 82 . . . 74 . 96 . . . 94 97 . Volleys Fired 699 | 7 50 20 . 15 37 70 14 . 5 58 . 58 2 42 7 8 6 73 38 189 Largest 3 | 2 2 2 . 2 3 3 3 . 3 3 . 3 1 2 2 1 2 3 2 3 Hottest 221 | 70 100 85 . 60 167 75 71 . 75 85 . 135 7 135 55 30 85 221 176 214 Shots Fired 1379 | 14 96 39 . 30 82 172 42 . 11 129 . 123 2 46 10 8 11 112 66 386 Gun 626 | 14 65 22 . 30 59 156 42 . 9 107 . 103 . 3 6 2 6 2 . . Cannon 595 | . 29 17 . . 22 . . . . 1 . 1 . 31 . . 5 81 61 347 Launcher 114 | . . . . . 1 16 . . 2 21 . 19 . 4 . . . 16 . 35 Special 44 | . 2 . . . . . . . . . . . 2 8 4 6 . 13 5 4 Kinetic 1029 | 7 57 37 . 15 56 156 42 . 9 107 . 88 . 9 6 2 11 62 47 318 Thermal 119 | 7 39 2 . 15 25 . . . . 1 . 16 . . . . . 7 . 7 Explosive 32 | . . . . . 1 . . . 2 10 . 8 . 4 . . . 3 . 4 Electromagnetic 157 | . . . . . . 16 . . . 11 . 11 . 25 . . . 27 14 53 Robot Hit Streak 22 | 4 12 15 . 7 10 13 16 . 7 14 . 22 1 10 7 13 2 16 12 18 Robot Miss Streak 6 | 2 6 3 . 4 4 5 1 . 1 4 . 5 1 2 1 2 5 2 4 6 Penetration Max 2 | . . . . . 1 . . . . . . . . 1 . 2 . . . . Secondary Targets 8 | . . . . . . 2 . . . 3 . 3 . . . . . . . . Max Gunslinging Chain 1 | . . . . . . 1 . . . 1 . 1 . . . . . . . . Shots Hit Robots 884 | 9 61 35 . 16 48 98 37 . 7 72 . 81 3 21 13 37 5 81 37 223 Core Hits 614 | 4 28 11 . 4 23 73 12 . 8 57 . 72 1 16 3 11 2 51 15 223 Critical Kills 1 | . . . . . . . . . . 1 . . . . . . . . . . Critical Parts Destroyed 3 | . . . . . . 1 . . . . . 2 . . . . . . . . Critical Strikes 41 | . 3 2 . . 3 2 . . . 1 . 2 . 1 . . . 3 2 22 Burn 3 | . 2 . . . 1 . . . . . . . . . . . . . . . Destroy 5 | . . . . . . 2 . . . 1 . 2 . . . . . . . . Blast 32 | . 1 2 . . 2 . . . . . . . . . . . . 3 2 22 Corrupt 1 | . . . . . . . . . . . . . . 1 . . . . . . Melee Attacks 139 | . 11 6 . . 13 10 . . . 9 . 6 5 7 7 31 3 31 . . Impact 17 | . 11 6 . . . . . . . . . . . . . . . . . . Slashing 122 | . . . . . 13 10 . . . 9 . 6 5 7 7 31 3 31 . . Piercing . | . . . . . . . . . . . . . . . . . . . . . Sneak Attacks 38 | . . . . . . 1 . . . . . . 2 . 4 31 . . . . Combat Hostiles 29 | . . . . . . . . . . . . . . . . 29 . . . . Follow-up Attacks . | . . . . . . . . . . . . . . . . . . . . . Damage Inflicted 39018 | 117 941 670 . 209 1086 3481 602 . 213 3140 . 2692 200 1135 458 1569 216 5324 1711 15254 Guns 6960 | 117 547 186 . 209 631 1561 602 . 127 1285 . 1379 . 16 111 76 68 45 . . Cannons 14791 | . 394 271 . . 386 . . . . . . . . 423 . . 148 2281 1711 9177 Explosions 12761 | . . . . . 26 1810 . . 86 1855 . 1313 . 546 . . . 1124 . 6001 Melee 4384 | . . 191 . . 43 86 . . . . . . 200 150 347 1493 . 1874 . . Ramming 122 | . . 22 . . . 24 . . . . . . . . . . . . . 76 Kinetic 18911 | 67 599 438 . 123 710 1561 602 . 127 1285 . 1086 . 246 111 76 216 2006 1251 8407 Thermal 3497 | 50 342 19 . 86 307 293 . . . 254 . 423 . . . . . 38 . 1685 Explosive 2713 | . . . . . 26 . . . 86 821 . 464 . 546 . . . 92 . 678 Electromagnetic 9391 | . . . . . . 1517 . . . 780 . 719 . 193 . . . 1314 460 4408 Impact 191 | . . 191 . . . . . . . . . . . . . . . . . . Slashing 4193 | . . . . . 43 86 . . . . . . 200 150 347 1493 . 1874 . . Piercing . | . . . . . . . . . . . . . . . . . . . . . Highest Corruption 23 | . . . . . . . . . . 5 5 15 . . . . . 2 2 23 Average Corruption 6 | . . . . . . . . . . 1 5 11 . . . . . 1 1 9 Corruption Purged . | . . . . . . . . . . . . . . . . . . . . . Corruption Blocked . | . . . . . . . . . . . . . . . . . . . . . Effects 171 | . . . . . . . . . . 12 . 39 . . . . . 14 3 103 Message Errors 34 | . . . . . . . . . . 4 . 6 . . . . . 4 . 20 Matter Fused 40 | . . . . . . . . . . 3 . 16 . . . . . 2 1 18 Heat Flow Errors 12 | . . . . . . . . . . . . 2 . . . . . 2 . 8 Energy Discharges 20 | . . . . . . . . . . 2 . 5 . . . . . 1 1 11 Parts Rejected 3 | . . . . . . . . . . . . . . . . . . . . 3 Parts Fused 1 | . . . . . . . . . . . . 1 . . . . . . . . Data Loss (minor) 24 | . . . . . . . . . . 1 . 4 . . . . . 2 . 17 Data Loss (major) 10 | . . . . . . . . . . 1 . 1 . . . . . 1 . 7 Misfires 7 | . . . . . . . . . . . . . . . . . . 2 . 5 Alerts 4 | . . . . . . . . . . 1 . 1 . . . . . . . 2 Misdirections 4 | . . . . . . . . . . . . 1 . . . . . . . 3 Weapon Failures 12 | . . . . . . . . . . . . 2 . . . . . . 1 9 Overload Shots . | . . . . . . . . . . . . . . . . . . . . . Overflow Damage 806 | . . 19 . . 11 11 . . 32 15 . 13 64 . . 6 . 140 103 392 Projectiles 523 | . . . . . 11 . . . . . . . . . . . . 61 103 348 Explosions 125 | . . . . . . 11 . . 32 15 . 13 . . . . . 10 . 44 Melee 158 | . . 19 . . . . . . . . . . 64 . . 6 . 69 . . Knockbacks 91 | . 6 7 . . 1 . . . . . . . . . . . . 7 8 62 Impact 1 | . . 1 . . . . . . . . . . . . . . . . . . Kinetic 83 | . 5 6 . . 1 . . . . . . . . . . . . 6 7 58 Secondary 7 | . 1 . . . . . . . . . . . . . . . . 1 1 4 Self-Inflicted Damage 695 | . . . . . . 62 . . . 132 . 166 . . . . . 50 . 285 Shots 44 | . . . . . . 3 . . . 4 . 7 . . . . . 3 . 27 Rammed 2 | . . . . . . 1 . . . . . . . . . . . . . 1 Targets Rammed 8 | . . 5 . . . 1 . . . . . . . . . . . . . 2 Kicked 5 | . . 5 . . . . . . . . . . . . . . . . . . Crushed 1 | . . . . . . . . . . . . . . . . . . . . 1 Highest Temperature 441 | 45 300 28 . 15 320 57 . . 18 69 . 180 441 162 . . 96 238 297 199 Average Temperature 67 | 19 88 15 . 9 88 19 . . 13 21 . 48 202 38 . . 41 62 74 82 Received Heat Transfer 3245 | . 153 234 . 87 171 189 . . 18 737 . 609 9 117 . . . 41 12 868 Effects 3 | . . . . . . . . . . . . . 3 . . . . . . . Shutdowns 1 | . . . . . . . . . . . . . 1 . . . . . . . Interference 2 | . . . . . . . . . . . . . 2 . . . . . . . Siege Activations 24 | . . . . . . . . . . . . 1 . . . . 1 6 1 15 Total Turns 284 | . . . . . . . . . . . . 24 . . . . 6 47 7 200 Longest Duration 46 | . . . . . . . . . . . . 24 . . . . 6 16 7 46 Martial Activations . | . . . . . . . . . . . . . . . . . . . . . Shielding Activations . | . . . . . . . . . . . . . . . . . . . . . Robots Disrupted 2 | . . . . . . . . . . . . . . . . . . 2 . . Combat Hostiles 1 | . . . . . . . . . . . . . . . . . . 1 . . Robots Corrupted 29 | . . 1 . . . 2 . . . 2 . . . 1 . . . 2 2 19 Combat Hostiles 25 | . . 1 . . . 1 . . . 2 . . . 1 . . . 2 1 17 Parts Fried 44 | . . . . . . 6 . . . . . 1 . . . . . 4 6 27 Impact Corruptions 3 | . . 2 . . . . . . . . . . . . . . . . . 1 Robots Melted . | . . . . . . . . . . . . . . . . . . . . . Combat Hostiles . | . . . . . . . . . . . . . . . . . . . . . Parts Melted 7 | . 1 . . 1 1 1 . . . 1 . 1 . . . . . 1 . . Heat Transferred 4935 | 148 1036 37 . 200 629 450 . . . 250 . 750 . . . . . 37 . 1398 Parts Sabotaged . | . . . . . . . . . . . . . . . . . . . . . Parts Stolen . | . . . . . . . . . . . . . . . . . . . . . Parts Stripped . | . . . . . . . . . . . . . . . . . . . . . Power Chain Reactions 17 | . . . . . . 3 . . . 3 . 2 . . . . . . . 9 Alert | -11 -10 -10 -10 -9 -8 -8 -8 -8 -6 -6 -6 -6 -5 -5 -4 -4 -4 -4 -3 -2 ------- Run | Yrd Mat Min Exi Min Mat Sto Rec Scr Fac Gar Fac Gar Fac Gar Fac Was Fac Gar Res Res Maximum Alert Level 5 | . 1 . . . . 2 1 . . 4 2 4 2 4 2 . . 5 3 5 Low Security (%) 43 | 100 96 100 . 100 100 22 44 . 100 10 . . . . . 100 100 . . 28 Level 1 16 | . 3 . . . . 59 55 . . 10 . . . 27 . . . 12 . 16 Level 2 16 | . . . . . . 17 . . . 14 100 50 100 23 100 . . 10 62 18 Level 3 13 | . . . . . . . . . . 53 . 48 . 32 . . . 35 37 7 Level 4 7 | . . . . . . . . . . 10 . . . 17 . . . 34 . 18 Level 5 . | . . . . . . . . . . . . . . . . . . 5 . 3 High Security 1 | . . . . . . . . . . . . . . . . . . . . 6 Max Security . | . . . . . . . . . . . . . . . . . . . . . Peak Influence 1923 | 10 213 50 . 30 82 641 273 . 160 1207 633 1145 600 1228 644 141 144 1767 993 1923 Initial 993 | . . 7 . . . . 248 . . 42 633 436 600 326 644 141 . 93 993 267 Average 414 | 1 43 8 . 1 16 287 189 . 47 722 630 733 539 722 515 20 41 991 652 694 Influence Increases 11506 | 15 519 190 . 56 367 1347 377 . 211 1345 . 779 16 952 30 24 242 1954 430 2652 Destroy 0b10 Robot/C 5560 | . 300 120 . 40 200 580 100 . 80 720 . 460 . 440 . . 80 760 220 1460 Destroy 0b10 Robot/NC 460 | 15 25 10 . 5 45 125 5 . 10 . . . 10 . 10 . 5 30 35 130 Destroy Leader 866 | . 78 30 . 10 56 154 . . 22 20 . 20 . 30 2 . 32 50 62 300 Allied During Kill 1149 | . . . . 1 . 200 77 . 82 63 . . . 59 . . 117 526 24 . Successful Hack 245 | . 42 . . . 9 58 45 . 7 7 . . . 14 12 . 4 14 33 . Select Force Hacks 180 | . 30 . . . . . 150 . . . . . . . . . . . . . Disable Machine 540 | . 30 . . . . 150 . . . 45 . 15 . 45 . . . 105 30 120 Anti-Garrison Action 900 | . . . . . . . . . . 250 . 100 . 250 . . . 300 . . Destroy Structure 1111 | . 14 . . . 27 20 . . 10 90 . 94 6 99 6 24 4 169 26 522 Partial Spotted 15 | . . . . . 15 . . . . . . . . . . . . . . . Lose Combat Pursuer 480 | . . 30 . . 15 60 . . . 150 . 90 . 15 . . . . . 120 Influence Decreases 9657 | 15 500 209 . 56 367 710 942 72 150 199 584 257 695 190 854 428 108 321 1720 1280 Entered New Map 3810 | . . 12 . . . . 389 72 . 19 574 187 545 140 584 263 . 41 774 210 Time Decay 3856 | 15 340 177 . 45 347 500 553 . 130 . 10 . 130 . 270 165 108 . 356 710 Lost Part 630 | . 10 20 . . 20 . . . . 100 . 70 . 30 . . . . 20 360 Lost Ally 561 | . . . . 11 . 60 . . 20 80 . . 20 20 . . . 280 70 . Purge Threat 800 | . 150 . . . . 150 . . . . . . . . . . . . 500 . Squads Dispatched 40 | . 5 . . . 1 4 . . 1 . . . . . . . 3 . 2 24 Investigation 7 | . 3 . . . . . . . 1 . . . . . . . 2 . . 1 Extermination 9 | . . . . . . . . . . . . . . . . . . . 1 8 Reinforcement 9 | . 2 . . . 1 2 . . . . . . . . . . . . 1 3 Assault 14 | . . . . . . 2 . . . . . . . . . . . . . 12 Garrison 1 | . . . . . . . . . . . . . . . . . 1 . . . Intercept . | . . . . . . . . . . . . . . . . . . . . . Searches Triggered . | . . . . . . . . . . . . . . . . . . . . . Construction Impeded 2 | . . . . . . 1 . . . . . . . . . . . . . 1 Haulers Reinforced 2 | . . . . . . . . . . . . . . . . . . . . 2 Active Scanning Responses . | . . . . . . . . . . . . . . . . . . . . . Cargo Convoy Interrupts . | . . . . . . . . . . . . . . . . . . . . . Stealth | -11 -10 -10 -10 -9 -8 -8 -8 -8 -6 -6 -6 -6 -5 -5 -4 -4 -4 -4 -3 -2 --------- Run | Yrd Mat Min Exi Min Mat Sto Rec Scr Fac Gar Fac Gar Fac Gar Fac Was Fac Gar Res Res Distress Signals 10 | . 2 . . . . 1 . . 1 . . . . . . . . . 1 5 Communications Jammed 86 | . . . . . 16 11 . . 1 . . . . . . . 31 . 2 25 Distress Signals 84 | . . . . . 16 11 . . . . . . . . . . 30 . 2 25 Times Spotted 375 | . 21 8 . 2 17 47 3 . 6 41 1 30 1 28 2 4 3 34 14 113 Peak Tracking Total 12 | . 6 3 . 2 4 8 1 . 3 10 1 6 1 5 1 1 2 5 3 12 Tactical Retreats 18 | . 1 1 . . 1 1 . . . 5 . 3 . 1 . . . . . 5 Traps | -11 -10 -10 -10 -9 -8 -8 -8 -8 -6 -6 -6 -6 -5 -5 -4 -4 -4 -4 -3 -2 ------- Run | Yrd Mat Min Exi Min Mat Sto Rec Scr Fac Gar Fac Gar Fac Gar Fac Was Fac Gar Res Res Traps Triggered 21 | . 1 . . . . 6 . . . 2 . 2 . 1 1 . . 4 1 3 Indirectly 8 | . . . . . . 2 . . . 1 . 1 . . . . . 4 . . Trap Hack Attempts . | . . . . . . . . . . . . . . . . . . . . . Triggered . | . . . . . . . . . . . . . . . . . . . . . Disarmed . | . . . . . . . . . . . . . . . . . . . . . Reprogrammed . | . . . . . . . . . . . . . . . . . . . . . Reused . | . . . . . . . . . . . . . . . . . . . . . Traps Extracted . | . . . . . . . . . . . . . . . . . . . . . Installed . | . . . . . . . . . . . . . . . . . . . . . Triggered . | . . . . . . . . . . . . . . . . . . . . . Machines | -11 -10 -10 -10 -9 -8 -8 -8 -8 -6 -6 -6 -6 -5 -5 -4 -4 -4 -4 -3 -2 ---------- Run | Yrd Mat Min Exi Min Mat Sto Rec Scr Fac Gar Fac Gar Fac Gar Fac Was Fac Gar Res Res Machines Disabled 48 | . 2 . . . . 10 . . . 5 . 2 . 6 . . . 13 2 8 Max in Single Turn 2 | . 1 . . . . 1 . . . 2 . 1 . 1 . . . 2 1 1 Garrison Access 2 | . . . . . . . . . . . . . . . . . . . 1 1 Garrison Relay 10 | . . . . . . . . . . 2 . 1 . 3 . . . 4 . . Machines Repaired . | . . . . . . . . . . . . . . . . . . . . . Machines Dismantled . | . . . . . . . . . . . . . . . . . . . . . Machines Sabotaged . | . . . . . . . . . . . . . . . . . . . . . Overloaded Fab Kills . | . . . . . . . . . . . . . . . . . . . . . Hacking | -11 -10 -10 -10 -9 -8 -8 -8 -8 -6 -6 -6 -6 -5 -5 -4 -4 -4 -4 -3 -2 --------- Run | Yrd Mat Min Exi Min Mat Sto Rec Scr Fac Gar Fac Gar Fac Gar Fac Was Fac Gar Res Res Machines Accessed 73 | . 7 1 2 1 6 12 11 2 4 2 1 1 1 2 3 . 4 2 7 4 Terminals 46 | . 6 . . . 5 11 6 . 1 2 . 1 . 2 1 . 2 2 6 1 Fabricators 4 | . . . . . . . . . . . . . . . 2 . 1 . . 1 Repair Stations 2 | . . . . . . 1 . . 1 . . . . . . . . . . . Recycling Units 9 | . 1 . . . 1 . 5 . 1 . . . . . . . . . . 1 Scanalyzers . | . . . . . . . . . . . . . . . . . . . . . Garrison Access 6 | . . . . . . . . . 1 . 1 . 1 . . . 1 . 1 1 Total Hacks 196 | . 23 1 2 1 18 42 36 9 12 3 5 1 2 4 6 . 12 5 8 6 Successful 101 | . 15 1 2 1 5 25 17 9 5 1 1 . 1 1 2 . 7 2 4 2 Failed 95 | . 8 . . . 13 17 19 . 7 2 4 1 1 3 4 . 5 3 4 4 Catastrophic 19 | . . . . . 2 3 3 . 1 . 1 1 . . 1 . 1 1 4 1 Database Lockouts . | . . . . . . . . . . . . . . . . . . . . . Manual 105 | . 16 . 1 . 12 21 26 . 7 . 4 1 1 1 2 . 4 1 4 4 Terminals 136 | . 21 . . . 16 40 29 . 1 3 . 1 . 4 2 . 4 5 7 3 Fabricators 10 | . . . . . . . . . . . . . . . 4 . 5 . . 1 Repair Stations 3 | . . . . . . 2 . . 1 . . . . . . . . . . . Recycling Units 14 | . 2 . . . 2 . 7 . 2 . . . . . . . . . . 1 Scanalyzers . | . . . . . . . . . . . . . . . . . . . . . Garrison Access 20 | . . . . . . . . . 8 . 5 . 2 . . . 3 . 1 1 Terminal Hacks 61 | . 7 1 2 1 3 20 10 9 1 1 . . . 1 . . 1 2 2 . Record 10 | . . . 1 . . . . 9 . . . . . . . . . . . . Part Schematic 6 | . 1 . . . . 2 3 . . . . . . . . . . . . . Robot Analysis 7 | . 2 . . . 1 1 3 . . . . . . . . . . . . . Prototype ID Bank 5 | . . . . . . 3 2 . . . . . . . . . . . . . Open Door 8 | . . 1 . 1 . 4 . . . 1 . . . . . . . 1 . . Open DSF 2 | . . . . . . . . . 1 . . . . . . . . . 1 . Level Access Points 1 | . . . . . . . . . . . . . . . . . . . 1 . Branch Access Points 1 | . . . . . . 1 . . . . . . . . . . . . . . Emergency Access Points 1 | . . . . . . . . . . . . . . 1 . . . . . . Fabricator Index 1 | . . . . . . 1 . . . . . . . . . . . . . . Alert Level 1 | . . . . . 1 . . . . . . . . . . . . . . . Unreport Threat 2 | . 1 . . . . 1 . . . . . . . . . . . . . . Locate Traps 7 | . 2 . . . 1 3 . . . . . . . . . . 1 . . . Recall Reinforcements 1 | . . . . . . 1 . . . . . . . . . . . . . . Hauler Manifests 2 | . . . . . . 1 1 . . . . . . . . . . . . . Zone Layout 4 | . 1 . . . . 2 1 . . . . . . . . . . . . . Security Stations 1 | . . . . . . . . . . . . . . . . . . 1 . . Proto ID Catalog 1 | . . . 1 . . . . . . . . . . . . . . . . . Fabricator Hacks 6 | . . . . . . . . . . . . . . . 2 . 3 . . 1 Network Status 2 | . . . . . . . . . . . . . . . . . 1 . . 1 Load Schematic 2 | . . . . . . . . . . . . . . . 1 . 1 . . . Build 2 | . . . . . . . . . . . . . . . 1 . 1 . . . Repair Station Hacks 2 | . . . . . . 2 . . . . . . . . . . . . . . Scan Component 1 | . . . . . . 1 . . . . . . . . . . . . . . Repair 1 | . . . . . . 1 . . . . . . . . . . . . . . Recycling Unit Hacks 2 | . 1 . . . . . . . 1 . . . . . . . . . . . Report Inventory 1 | . 1 . . . . . . . . . . . . . . . . . . . Retrieve Components 1 | . . . . . . . . . 1 . . . . . . . . . . . Scanalyzer . | . . . . . . . . . . . . . . . . . . . . . Garrison Access Hacks 6 | . . . . . . . . . 1 . 1 . 1 . . . 1 . 1 1 Unlock Access 4 | . . . . . . . . . 1 . 1 . 1 . . . 1 . . . Seal Access 2 | . . . . . . . . . . . . . . . . . . . 1 1 Unauthorized Hacks 24 | . 7 . . . 2 3 7 . 2 . . . . . . . 2 . 1 . Terminals 14 | . 6 . . . 2 3 2 . . . . . . . . . . . 1 . Track 2 | . 2 . . . . . . . . . . . . . . . . . . . Assimilate 1 | . . . . . . 1 . . . . . . . . . . . . . . Botnet 8 | . 2 . . . 1 2 2 . . . . . . . . . . . 1 . Disrupt 1 | . 1 . . . . . . . . . . . . . . . . . . . Operators 2 | . 1 . . . 1 . . . . . . . . . . . . . . . Fabricators 1 | . . . . . . . . . . . . . . . . . 1 . . . Haulers 1 | . . . . . . . . . . . . . . . . . 1 . . . Repair Stations 1 | . . . . . . . . . 1 . . . . . . . . . . . Mechanics 1 | . . . . . . . . . 1 . . . . . . . . . . . Recycling Units 7 | . 1 . . . . . 5 . 1 . . . . . . . . . . . Recyclers 1 | . . . . . . . . . 1 . . . . . . . . . . . Tunnel 6 | . 1 . . . . . 5 . . . . . . . . . . . . . Scanalyzers . | . . . . . . . . . . . . . . . . . . . . . Garrison Access 1 | . . . . . . . . . . . . . . . . . 1 . . . Reprogram 1 | . . . . . . . . . . . . . . . . . 1 . . . Data Cores Recovered 1 | . . . . . 1 . . . . . . . . . . . . . . . Used 1 | . . . . . 1 . . . . . . . . . . . . . . . Hacking Detections 51 | . 5 . . . 6 10 6 . 2 1 1 1 1 2 3 . 3 2 5 3 Full Trace Events 12 | . . . . . 1 . 6 . 1 1 . 1 . . . . 1 . . 1 Feedback Events 1 | . . . . . . . . . . . . . . . . . . . . 1 Hackware Fried 1 | . . . . . . . . . . . . . . . . . . . . 1 Feedback Blocked . | . . . . . . . . . . . . . . . . . . . . . Robot Schematics Acquired . | . . . . . . . . . . . . . . . . . . . . . Robots Built . | . . . . . . . . . . . . . . . . . . . . . Authchips . | . . . . . . . . . . . . . . . . . . . . . Time . | . . . . . . . . . . . . . . . . . . . . . Total Robot Build Rating . | . . . . . . . . . . . . . . . . . . . . . Part Schematics Acquired 6 | . 1 . . . . 2 3 . . . . . . . . . . . . . Parts Built 4 | . . . . . . . . . . . . . . . 2 . 2 . . . Authchips . | . . . . . . . . . . . . . . . . . . . . . Time 137 | . . . . . . . . . . . . . . . 64 . 73 . . . Total Part Build Rating 22 | . . . . . . . . . . . . . . . 16 . 6 . . . Parts Repaired 1 | . . . . . . 1 . . . . . . . . . . . . . . Time 38 | . . . . . . 38 . . . . . . . . . . . . . . Parts Recycled . | . . . . . . . . . . . . . . . . . . . . . Recycled Matter . | . . . . . . . . . . . . . . . . . . . . . Retrieved Matter . | . . . . . . . . . . . . . . . . . . . . . Retrieved Components 4 | . . . . . . . . . 4 . . . . . . . . . . . Parts Scanalyzed . | . . . . . . . . . . . . . . . . . . . . . Part Schematics Acquired . | . . . . . . . . . . . . . . . . . . . . . Parts Damaged . | . . . . . . . . . . . . . . . . . . . . . Bothacking | -11 -10 -10 -10 -9 -8 -8 -8 -8 -6 -6 -6 -6 -5 -5 -4 -4 -4 -4 -3 -2 ------------ Run | Yrd Mat Min Exi Min Mat Sto Rec Scr Fac Gar Fac Gar Fac Gar Fac Was Fac Gar Res Res Used RIF Installer 4 | . . . . . . . . . . 1 . 1 . 1 . . . 1 . . Command Fork 1 | . . . . . . . . . . . . 1 . . . . . . . . Robot Detection 1 | . . . . . . . . . . . . . . . . . . 1 . . Watcher Feeds 1 | . . . . . . . . . . . . . . 1 . . . . . . Robots Hacked 18 | . . . . . . . . . . . . . 1 6 1 6 . . 2 2 Non-combat 3 | . . . . . . . . . . . . . . . 1 . . . 2 . Combat 15 | . . . . . . . . . . . . . 1 6 . 6 . . . 2 Robot Hacks Applied 21 | . . . . . . . . . . . . . 1 6 1 6 . . 5 2 purge_threat 5 | . . . . . . . . . . . . . . . . . . . 5 . ignore_targets 6 | . . . . . . . . . . . . . . . . 6 . . . . amplify_resonance 4 | . . . . . . . . . . . . . . 4 . . . . . . formatsys_high 6 | . . . . . . . . . . . . . 1 2 1 . . . . 2 Relay Couplers Released 40 | . . . . . . . . . . 9 . 5 . 11 . . . 15 . . Machine Destruction 40 | . . . . . . . . . . 9 . 5 . 11 . . . 15 . . Attached 9 | . . . . . . . . . . . . . 1 3 1 1 . . 2 1 Fabnet Peak Effective % . | . . . . . . . . . . . . . . . . . . . . . Robots Rewired 16 | . . . . . . . 9 . . 2 . . . . . . . 5 . . Allies Hacked . | . . . . . . . . . . . . . . . . . . . . . Hacks Repelled . | . . . . . . . . . . . . . . . . . . . . . Allies | -11 -10 -10 -10 -9 -8 -8 -8 -8 -6 -6 -6 -6 -5 -5 -4 -4 -4 -4 -3 -2 -------- Run | Yrd Mat Min Exi Min Mat Sto Rec Scr Fac Gar Fac Gar Fac Gar Fac Was Fac Gar Res Res Total Allies 58 | . . . . 1 . 12 9 . . 4 . . 1 2 1 18 1 7 . 2 Largest Group 20 | . . . . 1 . 10 18 18 18 3 . . 1 2 2 20 17 14 5 2 Highest-Rated Group 726 | . . . . 31 . 173 357 357 357 182 . . 49 78 75 726 583 531 232 116 Highest-Rated Ally 99 | . . . . 31 . 31 29 29 29 80 . . 49 49 49 50 49 99 99 58 Total Orders 34 | . . . . . . . 4 . 3 . . . . 2 2 7 . 14 2 . STAY 15 | . . . . . . . . . 2 . . . . 1 1 4 . 6 1 . ROAM 2 | . . . . . . . . . . . . . . . . . . 2 . . FOLLOW 13 | . . . . . . . . . 1 . . . . 1 1 3 . 6 1 . AID 4 | . . . . . . . 4 . . . . . . . . . . . . . Ally Attacks 464 | . . . . 6 . 64 8 . 21 46 . . . 29 1 73 87 112 15 2 Total Damage 13167 | . . . . 128 . 939 72 . 255 1573 . . . 653 46 3508 1622 3761 564 46 Kills 63 | . . . . 1 . 7 2 . 3 7 . . . 11 . 4 4 19 4 1 Allies Corrupted 1 | . . . . . . . . . . . . . . . . . . 1 . . Allies Melted 1 | . . . . . . . . . . 1 . . . . . . . . . . Intel | -11 -10 -10 -10 -9 -8 -8 -8 -8 -6 -6 -6 -6 -5 -5 -4 -4 -4 -4 -3 -2 ------- Run | Yrd Mat Min Exi Min Mat Sto Rec Scr Fac Gar Fac Gar Fac Gar Fac Was Fac Gar Res Res Active Infowar (turns) 18221 | 42 348 1150 198 . 1071 1296 1616 1233 579 641 25 443 278 1456 582 1149 379 1627 809 3299 Optics 4503 | . . . . . . . . . . . . . 276 1456 582 1149 379 661 . . Terrain 1113 | . . . . . . . . . . . . . . . . . . . . 1113 Traps 2 | . . . . . . . . . 2 . . . . . . . . . . . Seismic 2741 | 42 348 1150 198 . . . . . . 207 25 88 . . . 683 . . . . Jamming 13337 | . . . . . 1071 1296 1616 1233 579 434 25 376 185 . 582 38 356 1627 809 3110 Robot Analysis Total 7 | . 2 . . . 1 1 3 . . . . . . . . . . . . . Derelict Logs Recovered 2 | . . 1 . 1 . . . . . . . . . . . . . . . . Drone Launches . | . . . . . . . . . . . . . . . . . . . . . Drone Recoveries . | . . . . . . . . . . . . . . . . . . . . . Exploration | -11 -10 -10 -10 -9 -8 -8 -8 -8 -6 -6 -6 -6 -5 -5 -4 -4 -4 -4 -3 -2 ------------- Run | Yrd Mat Min Exi Min Mat Sto Rec Scr Fac Gar Fac Gar Fac Gar Fac Was Fac Gar Res Res Turns Passed 23076 | 67 963 1150 519 865 1712 2084 1616 1595 584 1294 25 914 279 1456 582 1149 379 1627 809 3407 Spaces Moved 12252 | 27 513 636 355 517 993 1106 992 1079 334 647 13 384 139 739 256 640 188 774 409 1511 Core . | . . . . . . . . . . . . . . . . . . . . . Treads 6040 | . . . . . . 10 . . 334 647 13 384 139 739 256 640 188 774 409 1507 Legs 1673 | 27 513 636 355 142 . . . . . . . . . . . . . . . . Wheels 4539 | . . . . 375 993 1096 992 1079 . . . . . . . . . . . 4 Hover . | . . . . . . . . . . . . . . . . . . . . . Flight . | . . . . . . . . . . . . . . . . . . . . . Fastest Speed 105 | 120 120 120 120 115 105 135 145 145 157 157 168 166 170 170 170 160 160 160 160 145 Average Speed 152 | 120 134 157 142 146 134 140 145 145 157 160 168 169 170 170 170 162 160 160 160 159 Slowest Speed 560 | 120 190 190 190 260 135 560 145 145 157 168 168 173 170 170 170 170 160 160 160 320 Overloaded Moves . | . . . . . . . . . . . . . . . . . . . . . Propulsion Burnouts . | . . . . . . . . . . . . . . . . . . . . . Robots Hopped . | . . . . . . . . . . . . . . . . . . . . . Potential Cave-ins . | . . . . . . . . . . . . . . . . . . . . . Cave-ins Triggered . | . . . . . . . . . . . . . . . . . . . . . Exploration Rate (%) 50 | 3 94 93 71 75 48 94 97 56 11 58 1 50 3 76 6 95 11 78 15 35 Regions Visited 20 Branch Regions 6 Pre-discovered Areas 8 | . 1 1 1 . . . 5 . . . . . . . . . . . . . Known Exits Taken 7 | . . . . . 1 1 . . 1 . 1 . 1 . . . 1 . 1 . Unknown Exits Taken 7 | 1 1 1 1 1 . . 1 1 . . . . . . . . . . . . Scrap Searched 5 | . . 1 . 2 . . . 2 . . . . . . . . . . . . Spaces Dug 80 | . 9 . . . 13 2 . . . 25 . 3 3 . 3 . 2 . . 20 Terrain Destroyed 395 | . 10 . . . 29 13 . . 10 52 . 62 3 12 3 . 2 21 11 167 Melee 41 | . 8 . . . 12 2 . . . 8 . 3 3 . 3 . 2 . . . Projectile 145 | . 2 . . . 9 . . . . . . 1 . . . . . 16 11 106 AOE 209 | . . . . . 8 11 . . 10 44 . 58 . 12 . . . 5 . 61 Terrain Rammed . | . . . . . . . . . . . . . . . . . . . . . Walls Destroyed . | . . . . . . . . . . . . . . . . . . . . . Machines Disabled . | . . . . . . . . . . . . . . . . . . . . . Actions | -11 -10 -10 -10 -9 -8 -8 -8 -8 -6 -6 -6 -6 -5 -5 -4 -4 -4 -4 -3 -2 --------- Run | Yrd Mat Min Exi Min Mat Sto Rec Scr Fac Gar Fac Gar Fac Gar Fac Was Fac Gar Res Res Total 15367 | 47 663 731 368 599 1299 1513 1141 1108 388 795 15 553 183 884 392 720 254 1032 500 2182 Wait 1290 | 8 45 50 . 44 149 192 42 15 13 25 . 46 9 65 103 3 41 81 21 338 Move 12235 | 26 512 635 354 516 992 1105 991 1078 334 646 13 383 138 738 256 639 187 773 408 1511 Hop . | . . . . . . . . . . . . . . . . . . . . . Pick Up 214 | 3 9 5 4 12 37 22 . 4 14 8 . 15 11 5 6 10 3 14 10 22 Fast Attach 57 | 1 1 . . 1 7 12 . . . . . 4 . 3 1 3 2 6 2 14 Attach 79 | . . 4 1 2 10 . . . 4 9 1 7 5 4 2 2 . 2 5 21 Detach 13 | . . . . . 2 . . . . . . 2 2 . . 3 1 1 2 . Swap 308 | 1 24 3 5 1 23 55 . 7 8 27 1 20 4 17 5 7 4 30 9 57 Drop 215 | 1 11 3 4 8 29 42 . 4 10 1 . 12 7 3 5 14 7 21 5 28 Fire 699 | 7 50 20 . 15 37 70 14 . 5 58 . 58 2 42 7 8 6 73 38 189 Melee 139 | . 11 6 . . 13 10 . . . 9 . 6 5 7 7 31 3 31 . . Ram 1 | . . . . . . 1 . . . . . . . . . . . . . . Kick 5 | . . 5 . . . . . . . . . . . . . . . . . . Crush 2 | . . . . . . . . . . . . . . . . . . . . 2 Escape Stasis 7 | . . . . . . 4 . . . 3 . . . . . . . . . . Rewire 103 | . . . . . . . 94 . . 9 . . . . . . . . . . Trap . | . . . . . . . . . . . . . . . . . . . . . Miscellaneous . | . . . . . . . . . . . . . . . . . . . . . Route ------- -11/Scrapyard -10/Materials (discovered 5 exits: [*Mat x3] / *Min / [*Sub]) -10/Mines (discovered 3 exits: [*Mat x2] / *Exi) -10/Exiles -9/Mines -8/Materials (discovered 3 exits: *Fac / *Sto x2) -8/Storage (discovered 2 exits: *Fac / *Rec) -8/Recycling (discovered 2 exits: *Fac / *Scr) -8/Scraptown -6/Factory -6/Garrison (discovered 2 exits: *Fac x2) -6/Factory -6/Garrison -5/Factory -5/Garrison (discovered 3 exits: *Fac x3) -4/Factory -4/Waste -4/Factory -4/Garrison (discovered 2 exits: *Res x2) -3/Research (discovered 4 exits: *Res x3 / [*Qua]) -2/Research (discovered 1 exit: *Tes) History --------- Turn | Location | Event 18 | -11/Scrapyard | Discovered new exit (range 3) 68 | -11/Scrapyard | Entered Materials 158 | -10/Materials | Discovered new exit (range 16) 312 | -10/Materials | Discovered new exit (range 3) 338 | -10/Materials | Build established: Mutant 422 | -10/Materials | Discovered new exit (range 15) 572 | -10/Materials | Destroyed 8 combat bots 706 | -10/Materials | Discovered new exit (range 16) 768 | -10/Materials | Derelicts attacked the area 877 | -10/Materials | Discovered new exit (range 12) 1031 | -10/Materials | Entered Mines 1138 | -10/Mines | Build established: Scavenger-Mutant 1550 | -10/Mines | Discovered new exit (range 6) 1581 | -10/Mines | Found the Drone Emporium 1590 | -10/Mines | Found Prototype Device 1729 | -10/Mines | Learned Materials terminal intel 1846 | -10/Mines | Discovered new exit (range 13) 1960 | -10/Mines | Learned location of Storage (-8) 2108 | -10/Mines | Deemed a non-threat by the Exiles lab entrance 2108 | -10/Mines | Discovered new exit (range 5) 2181 | -10/Mines | Entered Exiles 2181 | -10/Exiles | Identified Thief Drone Bay 2213 | -10/Exiles | Met 8R-AWN 2234 | -10/Exiles | Met EX-HEX 2278 | -10/Exiles | Met EX-DEC 2298 | -10/Exiles | Learned location of Zion (-7) 2321 | -10/Exiles | Met EX-BIN 2338 | -10/Exiles | Aligned with FarCom system 2339 | -10/Exiles | Given EX-Vault access code 2370 | -10/Exiles | Opened EX-Vault 2376 | -10/Exiles | Found Longsword +1 2379 | -10/Exiles | Found PSU Rigger 2410 | -10/Exiles | Warned to stay clear of 0b10 Research branches 2677 | -10/Exiles | Discovered new exit (range 14) 2700 | -10/Exiles | Left Exiles lab with Longsword +1 2700 | -10/Exiles | Entered Mines 2730 | -9/Mines | Met a Derelict bent on vengeance 2748 | -9/Mines | Discovered new exit (range 5) 2753 | -9/Mines | Received a Mining Laser from a helpful Derelict 2935 | -9/Mines | Core integrity fell below 50% 3118 | -9/Mines | Learned 2 Materials zone layouts 3287 | -9/Mines | Met a Derelict who couldn't figure out how to use a Trap Extractor 3407 | -9/Mines | Assembled infested the area 3565 | -9/Mines | Entered Materials 3565 | -8/Materials | Evolved 4 slots: Propulsion x2, Utility x1, Weapon x1 3566 | -8/Materials | Identified exit to Factory 3567 | -8/Materials | Loaded intel: 12 terminal locations 3933 | -8/Materials | Build established: Scavenger-Skirmisher 4237 | -8/Materials | Build established: Scavenger-Mutant 4581 | -8/Materials | Discovered new exit (range 4) 4718 | -8/Materials | Build established: Skirmisher 4944 | -8/Materials | Discovered new exit (range 2) 5136 | -8/Materials | Identified exit to Storage 5277 | -8/Materials | Entered Storage 5436 | -8/Storage | Repaired Imp. Weapon Shielding 5613 | -8/Storage | Met a pair of Derelict thieves 5741 | -8/Storage | Destroyed 7 combat bots 6317 | -8/Storage | Build established: Scavenger-Skirmisher 6625 | -8/Storage | Identified exit to Recycling 6662 | -8/Storage | Used back door to open Recycling access 6907 | -8/Storage | Assisted by bots powering up and referring to "LRC-V3" 6972 | -8/Storage | Discovered exit to Factory (range 7) 7262 | -8/Storage | Build established: Commander-Skirmisher 7361 | -8/Storage | Entered Recycling 7361 | -8/Recycling | Accompanied by 9 allies 7564 | -8/Recycling | Scanned before Scraplab entrance 8090 | -8/Recycling | Discovered new exit (range 8) 8920 | -8/Recycling | Entered Scraplab 8933 | -8/Recycling | Discovered new exit (range 3) 8977 | -8/Recycling | Entered Scraptown 8977 | -8/Scraptown | Accompanied by 18 allies 9170 | -8/Scraptown | Visited Cave Peace 9267 | -8/Scraptown | Heard Great Nut preacher, LISTEN AND RECITE! 9276 | -8/Scraptown | Build established: Commander-Tank 9320 | -8/Scraptown | Discovered new exit (range 5) 9689 | -8/Scraptown | Visited Assassins FH 9730 | -8/Scraptown | Visited CR-KLE's Repair Center 9768 | -8/Scraptown | Turned away by UFD registrar 9826 | -8/Scraptown | Visited Cyclists 10307 | -8/Scraptown | CR-KLE repaired 10 parts 10572 | -8/Scraptown | Entered Factory 10572 | -6/Factory | Accompanied by 18 allies 10572 | -6/Factory | Evolved 4 slots: Propulsion x2, Utility x2 10617 | -6/Factory | Identified exit to DSF 11041 | -6/Factory | Lost 18 allies 11156 | -6/Factory | Identified exit to Garrison 11156 | -6/Factory | Entered Garrison 11181 | -6/Garrison | Found embedded Infiltrators 11216 | -6/Garrison | Triggered checkpoint 11253 | -6/Garrison | Garrison Relay disabled 11324 | -6/Garrison | Build established: Tank 11355 | -6/Garrison | Heavy support dispatched to Factory 11400 | -6/Garrison | Triggered checkpoint 11413 | -6/Garrison | Triggered checkpoint 11486 | -6/Garrison | Lost 3 allies 11657 | -6/Garrison | Discovered new exit (range 14) 11663 | -6/Garrison | Spotted B-90 Cyclops 11665 | -6/Garrison | Spotted B-75 Beast 11870 | -6/Garrison | Triggered checkpoint 11906 | -6/Garrison | Triggered checkpoint 11960 | -6/Garrison | Triggered checkpoint 12010 | -6/Garrison | Triggered checkpoint 12099 | -6/Garrison | Build established: Gunner 12117 | -6/Garrison | Discovered new exit (range 12) 12188 | -6/Garrison | Heavy support dispatched to Factory 12201 | -6/Garrison | Heavy support dispatched to Factory 12236 | -6/Garrison | Triggered checkpoint 12277 | -6/Garrison | Heavy support dispatched to Factory 12348 | -6/Garrison | Installed Relay Interface Framework 12450 | -6/Garrison | Entered Factory 12475 | -6/Factory | Identified exit to Garrison 12475 | -6/Factory | Entered Garrison 12583 | -6/Garrison | Expanded RIF knowledge: Command Fork 12663 | -6/Garrison | System corruption reached 10% 12883 | -6/Garrison | Triggered checkpoint 12915 | -6/Garrison | Triggered checkpoint 13070 | -6/Garrison | Triggered checkpoint 13080 | -6/Garrison | Triggered checkpoint 13131 | -6/Garrison | Destroyed 7 combat bots 13211 | -6/Garrison | Triggered checkpoint 13245 | -6/Garrison | Garrison Relay disabled 13357 | -6/Garrison | Discovered new exit (range 14) 13389 | -6/Garrison | Entered Factory 13389 | -5/Factory | Evolved 2 slots: Power x1, Utility x1 13572 | -5/Factory | Identified exit to Garrison 13668 | -5/Factory | Entered Garrison 14014 | -5/Garrison | Build established: Bothacker-Gunner 14032 | -5/Garrison | Triggered checkpoint 14110 | -5/Garrison | Triggered checkpoint 14123 | -5/Garrison | Triggered checkpoint 14200 | -5/Garrison | Triggered checkpoint 14400 | -5/Garrison | Triggered checkpoint 14413 | -5/Garrison | Discovered new exit (range 15) 14550 | -5/Garrison | Triggered checkpoint 14608 | -5/Garrison | Garrison Relay disabled 14633 | -5/Garrison | Discovered new exit (range 21) 14891 | -5/Garrison | Expanded RIF knowledge: Watcher Feeds 14916 | -5/Garrison | Triggered checkpoint 14936 | -5/Garrison | Garrison Relay disabled 14974 | -5/Garrison | Discovered new exit (range 21) 15124 | -5/Garrison | Entered Factory 15124 | -4/Factory | Accompanied by 1 ally 15124 | -4/Factory | Evolved 2 slots: Utility x2 15184 | -4/Factory | Build established: Bothacker-Mutant 15454 | -4/Factory | Fabricated Lgt. Particle Reactor? 15706 | -4/Factory | Sucked down chute 15706 | -4/Factory | Entered Waste 15714 | -4/Waste | Spotted C-40 Crusher 15720 | -4/Waste | Spotted C-40 Crusher 15727 | -4/Waste | Spotted C-40 Crusher 15746 | -4/Waste | 2 allies followed down the chute 15766 | -4/Waste | Spotted C-40 Crusher 15777 | -4/Waste | Spotted C-40 Crusher 15784 | -4/Waste | Spotted C-40 Crusher 15839 | -4/Waste | Discovered new exit (range 11) 15958 | -4/Waste | Destroyed C-40 Crusher 16025 | -4/Waste | Destroyed C-40 Crusher 16204 | -4/Waste | Destroyed C-40 Crusher 16365 | -4/Waste | Warlord forces began an assault 16370 | -4/Waste | Allies destroyed C-40 Crusher 16731 | -4/Waste | Build established: Scavenger-Mutant 16855 | -4/Waste | Entered Factory 16855 | -4/Factory | Accompanied by 17 allies 16919 | -4/Factory | Found Quantum Capacitor 17094 | -4/Factory | Fabricated Hpw. Tractor Beam (x2) 17112 | -4/Factory | Spotted B-86 Titan 17135 | -4/Factory | Allies destroyed B-86 Titan 17163 | -4/Factory | Lost 3 allies 17227 | -4/Factory | Identified exit to Garrison 17234 | -4/Factory | Entered Garrison 17234 | -4/Garrison | Accompanied by 14 allies 17244 | -4/Garrison | Triggered checkpoint 17452 | -4/Garrison | Triggered checkpoint 17518 | -4/Garrison | Garrison Relay disabled 17593 | -4/Garrison | Triggered checkpoint 17626 | -4/Garrison | Garrison Relay disabled 17854 | -4/Garrison | Learned Research security intel 17912 | -4/Garrison | Spotted B-86 Titan 17923 | -4/Garrison | Destroyed B-86 Titan 17943 | -4/Garrison | Triggered checkpoint 17944 | -4/Garrison | Triggered checkpoint 17990 | -4/Garrison | Lost 7 allies 18062 | -4/Garrison | Triggered checkpoint 18180 | -4/Garrison | Expanded RIF knowledge: Robot Detection 18190 | -4/Garrison | Triggered checkpoint 18197 | -4/Garrison | Discovered new exit (range 11) 18214 | -4/Garrison | Build established: Scavenger-Tank 18317 | -4/Garrison | Rescued a captive Derelict 18319 | -4/Garrison | Rescued a captive Derelict 18402 | -4/Garrison | Triggered checkpoint 18511 | -4/Garrison | Spotted Striker 18511 | -4/Garrison | Spotted Striker 18518 | -4/Garrison | Destroyed Striker 18527 | -4/Garrison | Destroyed Striker 18559 | -4/Garrison | Rewired Striker 18766 | -4/Garrison | Triggered checkpoint 18778 | -4/Garrison | Discovered new exit (range 12) 18861 | -4/Garrison | Entered Research 18861 | -3/Research | Accompanied by 5 allies 18861 | -3/Research | Evolved 2 slots: Power x1, Utility x1 19264 | -3/Research | Discovered new exit (range 12) 19315 | -3/Research | Identified exit to Research 19670 | -3/Research | Entered another Research area 19670 | -2/Research | Evolved 2 slots: Utility x2 19878 | -2/Research | Found Prototype Device 19878 | -2/Research | Identified Exp. EM Disruption Field 20674 | -2/Research | Spotted B-90 Cyclops 20687 | -2/Research | Destroyed B-90 Cyclops 21297 | -2/Research | Discovered new exit (range 16) 21348 | -2/Research | Found Gamma Bomb Array 21352 | -2/Research | Identified exit to Testing 21451 | -2/Research | Found Prototype Device 21451 | -2/Research | Identified Exp. Terrain Scanner 21659 | -2/Research | System corruption reached 10% 21670 | -2/Research | First assault squad dispatched 21875 | -2/Research | Destroyed 8 combat bots 21908 | -2/Research | Adv. System Shield fried by hacking feedback 22275 | -2/Research | Destroyed 8 combat bots 22385 | -2/Research | Build established: Tank 22570 | -2/Research | Spotted B-90 Cyclops 22588 | -2/Research | Destroyed B-90 Cyclops 22850 | -2/Research | High security lockdown imminent 22930 | -2/Research | High security lockdown engaged 23060 | -2/Research | Core integrity fell below 50% 23066 | -2/Research | Destroyed 9 combat bots 23077 | -2/Research | Self-destructed Last Messages --------------- 23059_ M-36 Artificer repairs H-88 Terminator. 23059_ Acquired 35 matter. 23059_ Slug penetrates Wall. 23059_ Penetrated by Slug. 23060_ Com. Wheel destroyed. 23062_ Acquired 10 matter. 23065_ Penetrated by Slug. 23065_ M-36 Artificer repairs G-73 Enforcer. 23066_ G-73 Enforcer IFF system glitched. 23067_ Hcp. Matter Pod destroyed. 23067_ Critical hit (Burn: +37). 23069_ G-73 Enforcer IFF system glitched. 23070_ Penetrated by Slug. 23070_ Nova Cannon destroyed. 23072_ Acquired 10 matter. 23073_ Acquired 13 matter. 23074_ Missile Launcher destroyed. 23074_ Destroyed Missile Launcher. 23075_ Acquired 8 matter. 23077_ Penetrated by Slug. Map ----- +----------------------------------------------------+ | ???????? ?????# !! #= #! ? ????#???????# | | ????? ???????# !! # %#%[ ""???#?####??#? | | ? ?????? ????# ! # %# """#??####??#?# | | ?????#????? # + %/% """???????????? | | ??#????# ? ? # # %#! #??????????? | | ???????#?? ???# # #* #?#??#?????? | | ????#?#?? ?? # # # ##???????? ? | | ??#??? ? ???# # # #???#???"??? | | ?????#?################## ##########???#??????? | | ???### ] # # ?? ?? ?????"? ?? | | ???#? # / ? ??? ??? ?##??? ? | | ??#?#? ?"""" !! # # ??? ? ?? ??#????? | | ?????? ?"R"" !! # # ?? ? ?? ?? ?? ? | | ??#??? "" " ! # #? ?? ?????????? ??? | | ? ???# # #? ?? ???? ?###???? | | ?? #?# # ######???#??##???#?## | | ???## # ###?##????"####?#?#?? | | ??????#+#######+###+#### ? ? ? C!%*? ?? | | ?????# #?#?# [#?# % ? ? =% ?????? | | ?????# ##??# [=#### % ??? ?? | | ###### ##### %! %% ? ??? ?? | | ! ##;####/#;#### ##?#+#? | | %= # %% =/%%% ## # | | = # m %![ ## # ? | | # =[=[%= # + ? / | | # *@ =[= # """ #?? | | # =g # "" #?? *= | | *w[ # ggg% # "" #? *= | | """ """%= # =% h/% # ? =? | | """ """![ # g*[ g # ! ? | | """ "" # % *[% i% #??#"#? | | ## =[ ^w "" #?##%#? | | [ =%[ %![ "" ###"!## | | [ [ ;# """ #"""=[" | | [ # %%%^ # =* | | * # # # | | #######= ############ ###### # # | | ????### #??????????###??#??## # | | ?#???## #????##????#??##?##?# + [ | | ?#???## #????#?#????????#?#?#^ # | | ??????# #???#????????????##?# # %[% | | #????## ###?#???????#????#### """ # [= | | #????## #???#?##?????#?#????# "F" ####+## | | ?#???## ##??#?#????#????##??# " #??#%#? | | ?#??#?# ##################??# """ #??# #? | | ??##??# ? """ #?## ## | | ??????# = ? #??# #? | | ?##??## %[ ?? #?## ## | | #?????# %[ #?## #? | | ?##???# %###############??################??# #? | +----------------------------------------------------+ Best States ------------- Heat Dissipation 87 Coolant Potential 100 Energy Generation 69 Energy Capacity 850 Matter Stores 500 Matter Capacity 500 Sight Range 22 Terrain Scan Range 30 Terrain Scan Density 10 Jamming Range 12 Armor Coverage 1350 Propulsion Shielding 66 Weapon Shielding 66 Evasion (%) 55 Targeting Accuracy 8 Target Analysis 11 Core Analysis 9 Recoil Reduction 6 Offensive Hacking 22 Relay Coupler Types 2 Relay Coupler Value 50 Item Schematics ----------------- Hcp. Storage Unit | -10/Materials | Hacked Adv. Visual Processing Unit | -8/Storage | Hacked ECM Suite | -8/Storage | Hacked Hpw. Tractor Beam | -8/Recycling | Hacked Lyr. Medium Armor Plating | -8/Recycling | Hacked Adv. ECM Suite | -8/Recycling | Hacked Robot Schematics ------------------ None Fabricated ------------ Lgt. Particle Reactor | x2 | -4/Factory | Preloaded Hpw. Tractor Beam | x2 | -4/Factory Repaired ---------- Imp. Weapon Shielding | 36% | -8/Storage Alien Tech Used ----------------- None Achievements -------------- Assassin We Are Legion Challenges ------------ None Game ------ Seed ShrapnelCooledDisintegrator Manual? 0 Play Time 05:40:28 Cumulative 149.0 hours Start 2025.09.27 @ 09:04:49 End 2025.09.30 @ 12:34:17 Sessions 9 Manual Loads 0 Difficulty Rogue Special Mode None Game No. 68 Rogue 64 Adventurer 1 Explorer 3 Win Type - Total 4 Types 3/1/0/0/0/0/0/0/0/0 Lore% 62 Gallery% 64 Achievement% 59 Wizard Run 0 Options --------- Layout 2 ASCII 0 Keyboard 1 Movement Numpad Keybinds 0 Fullscreen 1 Font 32/SmallcapsGlow Map View 50x44 Zoom Use 0% Tactical HUD 1 Map Filters NONE Filters NONE Steam 1 RUN: 00379399-f36c-4e90-b4e3-37506e13f0aa